 Dungeon Crawl Stone Soup version 0.18.1-8-gdd0e5ea (webtiles) character file.

105 zeroDi the Sneak (level 4, 0/23 HPs)
             Began as a Vine Stalker Assassin on May 24, 2016.
             Succumbed to an adder's poison
             ... on level 4 of the Dungeon.
             The game lasted 00:05:10 (2340 turns).

zeroDi the Sneak (Vine Stalker Assassin)            Turns: 2340, Time: 00:05:11

Health: 0/23       AC:  3    Str: 14    XL:     4   Next: 83%
Magic:  1/5        EV: 11    Int: 11    God:
Gold:   117        SH:  5    Dex: 16    Spells: 0 memorised, 3 levels left

rFire  . . .     SeeInvis .     b - +0 blowgun
rCold  . . .     Gourm    .     c - +0 robe
rNeg   . . .     Faith    .     y - +2 buckler
rPois  .         Spirit   +     (no helmet)
rElec  .         Dismiss  .     d - +0 cloak
rCorr  .         Reflect  .     (no gloves)
SustAt .         Harm     .     (no boots)
MR     .....                    (no amulet)
Stlth  +++.......               (no ring)
                                (no ring)

@: lethally poisoned (0 -> 0), not resistant to hostile enchantments, fairly
stealthy
A: fangs 2, regeneration 1, magic shield, antimagic bite, no device heal 3, rot
immunity
a: no special abilities


You were on level 4 of the Dungeon.
You were not hungry.

You visited 1 branch of the dungeon, and saw 4 of its levels.

You collected 117 gold pieces.


Innate Abilities, Weirdness & Mutations

You have extremely sharp teeth.
Your natural rate of healing is unusually fast.
When hurt, damage is shared between your health and your magic reserves.
Your bite disrupts and absorbs the magic of your enemies.
Potions and wands cannot restore your health.
You are immune to rotting.


   Skills:
 - Level 1.7 Fighting
 + Level 4.4 Short Blades
 - Level 1.7 Throwing
 - Level 0.7 Dodging
 - Level 4.8 Stealth


You had 3 spell levels left.
You didn't know any spells.

Inventory:

Hand Weapons
 a - a +2 short sword of electrocution
 b - a +0 blowgun (weapon)
 n - a +2 dagger
Missiles
 e - 14 poisoned needles (quivered)
 f - 2 curare-tipped needles {=f}
 r - 3 tomahawks
Armour
 c - a +0 robe (worn)
 d - a +0 cloak (worn)
 y - a +2 buckler (worn)
Jewellery
 B - an uncursed amulet of magic regeneration {unknown}
Scrolls
 j - a scroll of teleportation {unknown}
 k - a scroll of enchant armour {unknown}
 l - 2 scrolls of random uselessness {unknown}
 o - 4 scrolls of remove curse {unknown}
 s - 4 scrolls of magic mapping {unknown}
 t - a scroll of noise {unknown}
 v - 3 scrolls of identify {unknown}
 w - a scroll of fog {unknown}
 x - 2 scrolls of amnesia {unknown}
 A - a scroll of immolation {unknown}
 C - a scroll of blinking {unknown}
 D - a scroll of recharging {unknown}
Potions
 i - a potion of magic {unknown}
 m - a potion of lignification {unknown}
 p - a potion of flight
 q - a potion of cancellation {unknown}
 u - a potion of degeneration {unknown}
Comestibles
 g - 8 bread rations
 h - 2 fruits
 z - 3 meat rations
 E - a beef jerky

Dungeon Overview and Level Annotations

Branches:
Dungeon (4/15)
 Temple: D:4-7

Altars:
Dithmenos
Fedhas
Kikubaaqudgha
Makhleb
Qazlal
Sif Muna
Xom
The Shining One

Annotations:
D:4 Sigmund

#..###...##..##...##
..####..########..##....# .
..............<#........# .
..............#........# .
..............#........# #
##..##.###..###'##...######
#######..##.###..##..##...##...##
##............O......#..........#
.(............S.@....#..........#
##..##..####+##..######...##....#
########## #..# ##...##....#
......(..# .....# #....##...##
.........# ......+ #.....#####
##..##..## ..##..## ##....#
######### ## #..# ###### .# ....
.#


You could see an ogre and an adder.


Message History

* * * LOW HITPOINT WARNING * * *
Firing (i - inventory. (,) - cycle):
e - 15 poisoned needles (quivered)
Press: ? - help, Shift-Dir - straight line, f/p - adder
Aim: an adder (lightly wounded)
You shoot a poisoned needle.
The poisoned needle closely misses the adder.
The poisoned needle hits the ogre.
The ogre is poisoned.
The ogre is heavily wounded.
The adder bites you but does no damage. You block the adder's attack.
The ogre looks more healthy.
You block the adder's attack. The adder bites you.
* * * LOW HITPOINT WARNING * * *
You are lethally poisoned!
The adder poisons you!
* * * LOW HITPOINT WARNING * * *
You feel sick. The adder misses you.
You die...

Action                   |  1- 3 |  4- 6 || total
-------------------------+-------+-------++-------
Melee: Dagger            |   100 |       ||   100
       Bite              |    29 |     4 ||    33
       Short sword       |     2 |    20 ||    22
 Fire: Blowgun           |     2 |     7 ||     9
  Use: Potion            |     2 |       ||     2
 Stab: Sleeping          |    12 |     3 ||    15
  Eat: Chunk             |     2 |     2 ||     4
Armor: Robe              |    18 |     7 ||    25
Dodge: Dodged            |    39 |    17 ||    56
Block: Buckler           |       |    11 ||    11

Vault maps used:
D:1:      matt_arrival_refuge
D:2:      grunt_temple_overflow_open, marbit_many_paths, first_bread,
          kennysheep_generic_room_14
D:3:      nicolae_tso_swordbearing_angel
D:4:      lemuel_crystal_altar, uniq_sigmund

Notes
Turn   | Place    | Note
--------------------------------------------------------------
     0 | D:1      | zeroDi the Vine Stalker Assassin began the quest for the Orb.
     0 | D:1      | Reached XP level 1. HP: 11/11 MP: 2/2
    77 | D:1      | Reached skill level 2 in Short Blades
   148 | D:1      | Reached XP level 2. HP: 15/15 MP: 3/3
   904 | D:2      | Reached skill level 3 in Short Blades
   933 | D:2      | Reached XP level 3. HP: 10/18 MP: 4/4
  1034 | D:2      | Found an ancient bone altar of Kikubaaqudgha.
  1037 | D:2      | Found a shimmering altar of Xom.
  1037 | D:2      | Found a stormy altar of Qazlal.
  1039 | D:2      | Found a burning altar of Makhleb.
  1040 | D:2      | Found a deep blue altar of Sif Muna.
  1372 | D:2      | Found a blossoming altar of Fedhas.
  1602 | D:3      | Reached XP level 4. HP: 23/23 MP: 5/5
  1750 | D:3      | Found a glowing golden altar of the Shining One.
  1965 | D:4      | Noticed Sigmund
  2004 | D:4      | Reached skill level 4 in Short Blades
  2026 | D:4      | Found a shadowy altar of Dithmenos.
  2276 | D:4      | Noticed an ogre
  2318 | D:4      | HP: 1/23 [adder (4)]
  2326 | D:4      | HP: 1/23 [adder (3)]
  2336 | D:4      | HP: 1/23 [adder (2)]
  2340 | D:4      | Succumbed to an adder's poison

Vanquished Creatures
  A hound (D:4)
  3 adders
  A worm (D:2)
  A dart slug (D:1)
  A giant gecko (D:3)
  An orc (D:4)
  A ball python (D:1)
  3 giant cockroaches (D:1)
  2 goblins
  10 hobgoblins
  5 bats
  A giant gecko skeleton (D:4)
  2 giant newts
  6 kobolds
  6 rats
44 creatures vanquished.
